 Dungeon Crawl Stone Soup version 0.30.1-9-gdf580d7c3d (webtiles) character file.

Game seed: 4426673998366656567

166884 bearlyready the Brawler (level 17, -2/182 HPs)
             Began as a Troll Hunter on Oct 12, 2023.
             Was the Champion of Cheibriados.
             Slain by a mana viper (8 damage)
             ... on level 4 of the Snake Pit.
             The game lasted 00:48:14 (20906 turns).

bearlyready the Brawler (Troll Hunter)             Turns: 20906, Time: 00:48:15

Health: -2/182     AC: 17    Str: 44    XL:     17   Next: 30%
Magic:  17/22      EV: 13    Int: 22    God:    Cheibriados [******]
Gold:   949        SH: 27    Dex: 28    Spells: 12/16 levels left

rFire   . .          .
                       - Unarmed
rCold   . . .        Y - +2 tower shield
rNeg    . . .        K - +3 troll leather armour {Snorg}
rPois   .            q - +2 hat {Will+}
rElec   .            T - +0 cloak of Hedge Wizardry {Int+2}
rCorr   .            (gloves unavailable)
SInv    .            (boots unavailable)
Will    ++...        u - amulet of reflection
Stlth   ++           V - +4 ring of slaying
HPRegen 2.10/turn    A - +4 ring of protection
MPRegen 0.18/turn

%: reflection
@: lethally poisoned (-2 -> -3), constricted, very slow
A: large, unfitting armour, claws 3, regeneration 1, shaggy fur 1, tough skin 1
a: Renounce Religion, Bend Time, Temporal Distortion, Slouch, Step From Time


You were on level 4 of the Snake Pit.
You worshipped Cheibriados.
Cheibriados was exalted by your worship.
You visited 5 branches of the dungeon, and saw 27 of its levels.
You also visited: Ossuary and Bailey.

You collected 2528 gold pieces.
You spent 1579 gold pieces at shops.

Inventory:

Missiles
 n - 36 poisoned darts
 s - a boomerang of dispersal
 x - 3 atropa-tipped darts
 C - 13 large rocks
 D - 15 javelins (quivered)
 Q - 2 boomerangs
 X - a throwing net
Armour
 i - +0 swamp dragon scales
 q - a +2 hat of willpower (worn)
 K - a +3 troll leather armour (worn) {Snorg}
 R - the +0 fire dragon scales of the Beastly God {rElec rPois rF++ rC- Will+++ Stlth-}
   (You acquired it on level 11 of the Dungeon)

   rF:        It greatly protects you from fire.
   rC:        It makes you vulnerable to cold.
   rElec:     It insulates you from electricity.
   rPois:     It protects you from poison.
   Will:      It greatly increases your willpower.
   Stlth:     It makes you less stealthy.
 T - the +0 cloak of Hedge Wizardry (worn) {Int+2}
   (You bought it in a shop on level 2 of the Orcish Mines)

   Int:       It affects your intelligence (+2).
 Y - a +2 tower shield (worn)
Jewellery
 u - an amulet of reflection (around neck)
 A - a +4 ring of protection (right claw)
 P - a ring of protection from cold
 U - a ring of flight
 V - a +4 ring of slaying (left claw)
 W - a ring of poison resistance
Wands
 f - a wand of paralysis (15)
 y - a wand of digging (8)
 M - a wand of flame (26)
 N - a wand of iceblast (32)
 Z - a wand of polymorph (5)
Scrolls
 b - 4 scrolls of immolation
 d - 4 scrolls of poison
 e - 2 scrolls of enchant armour
 h - a scroll of brand weapon
 l - 2 scrolls of silence
 z - 4 scrolls of amnesia
 E - 6 scrolls of teleportation
 I - 9 scrolls of fear
 J - 6 scrolls of fog
Potions
 c - 6 potions of mutation
 g - 3 potions of heal wounds
 k - 18 potions of curing
 m - 3 potions of flight
 o - 11 potions of haste
 p - 4 potions of lignification
 r - 3 potions of cancellation
 t - 23 potions of degeneration
 w - 4 potions of brilliance
 B - a potion of magic
 F - 2 potions of invisibility
 G - 5 potions of attraction
 H - 3 potions of might
 L - a potion of ambrosia
 S - 2 potions of resistance
Miscellaneous
 a - a lightning rod (4/4)
 j - a phial of floods
 O - a phantom mirror


   Skills:
 - Level 14.4 Fighting
 - Level 2.7 Ranged Weapons
 - Level 7.0 Throwing
 + Level 8.5 Armour
 + Level 8.8 Dodging
 - Level 0.3 Stealth
 - Level 10.0 Shields
 + Level 17.9 Unarmed Combat
 - Level 9.1 Invocations
 - Level 5.1 Evocations


You had 12 spell levels left.
You knew the following spells:

 Your Spells              Type           Power      Damage    Failure   Level
a - Passage of Golubria   Tloc           0%         N/A       98%         4

Your spell library contained the following spells:

 Spells                   Type           Power      Damage    Failure   Level
 Freeze                   Ice            0%         1d3       36%         1
 Magic Dart               Conj           0%         1d3       36%         1
 Shock                    Conj/Air       0%         1d3       36%         1
 Call Imp                 Summ           0%         N/A       50%         2
 Cigotuvi's Dreadful Rot  Necr/Pois/Air  0%         N/A       50%         2
 Ensorcelled Hibernation  Hex/Ice        0%         N/A       50%         2
 Passwall                 Tmut/Erth      0%         N/A       50%         2
 Static Discharge         Conj/Air       0%         2-2/arc   50%         2
 Frozen Ramparts          Ice            0%         1d1       73%         3
 Hailstorm                Conj/Ice       0%         3d3       73%         3
 Ignite Poison            Fire/Tmut/Pois 0%         N/A       73%         3
 Inner Flame              Hex/Fire       0%         N/A       73%         3
 Mephitic Cloud           Conj/Pois/Air  0%         N/A       73%         3
 Ozocubu's Armour         Ice            0%         N/A       73%         3
 Swiftness                Air            0%         N/A       73%         3
 Airstrike                Air            0%         2d(0-16)  98%         4
 Animate Armour           Summ/Erth      0%         N/A       98%         4
 Ice Form                 Ice/Tmut       0%         N/A       98%         4
 Summon Ice Beast         Ice/Summ       0%         N/A       98%         4
 Summon Lightning Spire   Summ/Air       0%         N/A       98%         4
 Blade Hands              Tmut           0%         N/A       100%        5
 Freezing Cloud           Conj/Ice/Air   0%         6-21      100%        5
 Silence                  Hex/Air        0%         N/A       100%        5
 Yara's Violent Unravell  Hex/Tmut       0%         3d3       100%        5
 Iron Shot                Conj/Erth      0%         9d1       100%        6
 Enfeeble                 Hex            0%         N/A       100%        7
 Malign Gateway           Summ/Tloc      0%         N/A       100%        7
 Ozocubu's Refrigeration  Ice            0%         4d7       100%        7
 Lehudib's Crystal Spear  Conj/Erth      0%         10d2      100%        8
 Summon Horrible Things   Summ           0%         N/A       100%        8
 Chain Lightning          Conj/Air       0%         N/A       100%        9
 Fire Storm               Conj/Fire      0%         5d1       100%        9
 Shatter                  Erth           0%         3d5*      100%        9


Dungeon Overview and Level Annotations

Branches:
Dungeon (15/15)            Temple (1/1) D:5            Lair (5/5) D:10
 Shoals (0/4) Lair:2        Snake (4/4) Lair:2        Slime (0/5) Lair:4
    Orc (2/2) D:9             Elf (0/3) Orc:2        Vaults (0/5) D:14
 Depths (0/4) D:15        Ossuary (visited)          Bailey (visited)

Altars:
Ashenzari
Cheibriados
Dithmenos
Elyvilon
Fedhas
Gozag
Hepliaklqana
Kikubaaqudgha
Makhleb
Nemelex Xobeh
Okawaru
Qazlal
Ru
Sif Muna
Trog
Uskayaw
Vehumet
Wu Jian
Xom
Yredelemnul
Zin
The Shining One
Jiyva

Shops:
D:13 (   Orc:2 [(*[   Snake:1 !=

Portals:
Trove: D:13 (show slimy rune of Zot)

Annotations:
Lair:2 exclusion: oklob plant


Innate Abilities, Weirdness & Mutations

You are too large for most types of armour.
You have claws for hands.
Your natural rate of healing is unusually fast.
You are covered in fur. (AC +1)
You have tough skin. (AC +1)


Message History

You block the sea snake's attack.
Press: ? - help, v - describe, . - travel
Here: a sea snake (moderately wounded)
The floor.
Aiming: Paralyse
Press: ? - help, Shift-Dir - straight line, f - anaconda
Aim: an anaconda (heavily wounded, constricting you, chance to affect: 45%)
Okay, then.
You escape the anaconda's grasp.
The anaconda attacks as you move away! You block the anaconda's attack. x2
You feel extremely sick. You block the anaconda's attack.
The anaconda bites you but does no damage.
The anaconda grabs you. You block the anaconda's attack.
The anaconda constricts you.
Blink to where?
Press: ? - help, Dir - move target
Okay, then.
You fail to use your ability.
You feel very sick. The anaconda bites you.
* * * LOW HITPOINT WARNING * * *
The anaconda constricts you.
* * * LOW HITPOINT WARNING * * *
You block the sea snake's attack. You block the mana viper's attack.
You block the anaconda's attack. The anaconda constricts you.
* * * LOW HITPOINT WARNING * * *
The sea snake closely misses you. The mana viper bites you!
* * * LOW HITPOINT WARNING * * *
You feel your power leaking away.
Blink to where?
Press: ? - help, Dir - move target The anaconda's grasp on you weakens, but your attempt to escape fails.
As you read the scroll of blinking, it crumbles to dust.
You feel very sick. You block the anaconda's attack.
The anaconda constricts you.
* * * LOW HITPOINT WARNING * * *
The anaconda closely misses you. The anaconda constricts you.
The mana viper bites you!
You die...

#.##.....#.##........#.# #
#..#.)...#<..#.#.....#..#.
#.......###...##...###...
##....#..# #..##... ....
.### ###.)##...##.#####
#### ....S ##))####.. .#
......#.#).####.# # #
~≈~~~?†..#.SS# .# #
≈≈≈≈~.'..#.S@# #
~~~~~.'..#....#
......#.##....# ##
.....######...# ##. .###.
#...# #.. .# #...# #. ##
#...# .##. ###.. .... ##.#


You could see a sea snake, an anaconda and a mana viper.

Vanquished Creatures
  Vashnia (Snake:2)
  2 tentacled monstrosities (Snake:1)
  A thorn hunter (Snake:1)
  A nagaraja (Snake:4)
  An orc warlord (Bailey)
  A juggernaut zombie (D:15)
  Snorg (D:13)
  Josephine (Orc:2)
  9 hydras
  8 vault guards (D:14)
  2 catoblepae (Lair:5)
  7 boulder beetles
  7 anacondas
  6 centaur warriors
  A deep troll shaman (Lair:5)
  5 two-headed ogres
  2 alligators (Snake:1)
  18 death yaks
  11 naga warriors
  A vampire mage (D:14)
  5 tengu warriors
  Urug (Lair:1)
  4 orc high priests (Orc:2)
  5 shock serpents
  12 naga sharpshooters
  A skyshark (Lair:5)
  A salamander mystic (Snake:2)
  2 skeletal warriors (D:15)
  2 sea snakes
  A golden dragon skeleton (D:15)
  2 swamp dragons (Snake:1)
  A lindwurm (Lair:5)
  5 orc knights (Orc:2)
  4 naga ritualists
  A necromancer (D:15)
  2 deep elf pyromancers (D:15)
  7 orc sorcerers
  23 ugly things
  3 mana vipers
  3 cyclopes
  10 salamanders
  4 manticores
  16 elephants
  38 black mambas
  2 guardian serpents
  4 gargoyles
  A torpor snail (Lair:4)
  10 naga magi
  Joseph (D:7)
  Maggie (D:6)
  12 cane toads
  2 kobold demonologists (D:11)
  5 rime drakes
  3 unseen horrors
  A rime drake (shapeshifter) (D:11)
  7 komodo dragons
  2 tengu conjurers (D:13)
  3 polar bears
  6 trolls
  2 hornets
  2 tyrant leeches (Snake:1)
  5 blink frogs (Lair:4)
  7 dream sheep (Lair:4)
  Sigmund (D:2)
  8 slime creatures
  A vampire (D:14)
  54 yaks
  9 wraiths
  4 wyverns
  Eustachio (D:4)
  2 basilisks
  18 vampire mosquitoes
  2 steam dragons
  Menkaure (D:6)
  2 wargs (Orc:2)
  The ghost of KittyFluff the Cudgeller, an amateur GrBe of Trog (D:4)
  4 swamp worms (Snake:1)
  24 nagas
  2 glowing shapeshifter zombies (D:15)
  Duvessa (D:6)
  17 water moccasins
  33 orc warriors
  A swamp drake (Snake:1)
  3 black bears
  An ice beast (D:7)
  A sky beast (D:6)
  8 ogres
  3 centaurs
  18 wolves
  A phantom (D:6)
  2 kobold brigands
  14 bullfrogs
  3 gnoll sergeants
  5 scorpions
  Dowan (D:6)
  15 killer bees
  5 howler monkeys
  5 electric eels
  15 orc priests
  A gnoll bouda (D:7)
  A jelly (D:5)
  A sleepcap (D:5)
  7 iguanas
  18 orc wizards
  7 hell rats (Lair:5)
  Terence (D:2)
  4 mummies (Ossuary)
  Robin (D:2)
  24 gnolls
  9 adders
  A white imp (D:8)
  An ufetubus (D:6)
  A dart slug (D:3)
  2 worms (D:5)
  62 orcs
  2 ball pythons
  7 endoplasms
  4 giant cockroaches
  20 goblins
  9 hobgoblins
  8 jackals
  8 kobolds
  5 quokkas
  7 bats
  3 frilled lizards
  4 gnoll skeletons (Ossuary)
  A gnoll zombie (Ossuary)
  3 goblin skeletons (Ossuary)
  4 goblin zombies (Ossuary)
  4 hobgoblin skeletons (Ossuary)
  4 hobgoblin zombies (Ossuary)
  6 kobold skeletons (Ossuary)
  7 kobold zombies (Ossuary)
  4 orc skeletons (Ossuary)
  6 orc zombies (Ossuary)
  5 rats
  4 rat skeletons (Ossuary)
  3 rat zombies (Ossuary)
870 creatures vanquished.

Vanquished Creatures (collateral kills)
  A hydra (D:15)
1 creature vanquished.

Grand Total: 871 creatures vanquished

Notes
Turn   | Place    | Note
-------+----------+-------------------------------------------
     0 | D:1      | bearlyready the Troll Hunter began the quest for the Orb.
     0 | D:1      | Reached XP level 1. HP: 19/19 MP: 0/0
    74 | D:1      | Reached skill level 1 in Unarmed Combat
   179 | D:1      | Reached XP level 2. HP: 27/27 MP: 1/1
   429 | D:1      | Reached skill level 2 in Unarmed Combat
   570 | D:1      | Reached XP level 3. HP: 15/33 MP: 2/2
   606 | D:2      | Reached skill level 3 in Unarmed Combat
   633 | D:2      | Noticed Sigmund
   666 | D:2      | Killed Sigmund
   667 | D:2      | Reached skill level 5 in Unarmed Combat
   667 | D:2      | Reached XP level 4. HP: 25/41 MP: 3/3
   667 | D:2      | Reached XP level 5. HP: 29/48 MP: 4/4
   777 | D:2      | Noticed Robin
   783 | D:2      | Killed Robin
   896 | D:2      | Noticed Terence
   905 | D:2      | Killed Terence
   906 | D:2      | Reached XP level 6. HP: 23/55 MP: 5/5
   950 | D:2      | Reached skill level 6 in Unarmed Combat
  1098 | D:2      | Found a broken altar of Ashenzari.
  1482 | D:3      | Identified the amulet "Dohoadis" {Acrobat MP+9 Str+3 Int-5}
  2113 | D:4      | Found a runed translucent door.
  2120 | D:4      | Reached skill level 7 in Unarmed Combat
  2136 | D:4      | Noticed KittyFluff's ghost (amateur GrBe)
  2222 | D:4      | Noticed Eustachio
  2230 | D:4      | Killed Eustachio
  2231 | D:4      | Reached XP level 7. HP: 49/62 MP: 6/6
  2439 | D:4      | Found a sparkling altar of Nemelex Xobeh.
  2452 | D:4      | Reached skill level 8 in Unarmed Combat
  2526 | D:5      | Entered Level 5 of the Dungeon
  2535 | D:5      | Found a staircase to the Ecumenical Temple.
  2580 | Temple   | Entered the Ecumenical Temple
  2665 | Temple   | Became a worshipper of Cheibriados the Contemplative
  2916 | D:5      | Reached XP level 8. HP: 50/75 MP: 7/7
  2982 | D:5      | Identified the +0 leather armour of Virtue {Int+3}
  3149 | D:6      | Noticed Dowan
  3150 | D:6      | Noticed Duvessa
  3168 | D:6      | Killed Duvessa
  3177 | D:6      | Reached skill level 9 in Unarmed Combat
  3183 | D:6      | Killed Dowan
  3388 | D:6      | Noticed a hornet
  3394 | D:6      | Paralysed by a hornet for 3 turns
  3412 | D:6      | Killed a hornet
  3415 | D:6      | Reached skill level 5 in Fighting
  3594 | D:6      | Noticed Menkaure
  3598 | D:6      | Killed Menkaure
  3598 | D:6      | Reached * piety under Cheibriados
  3599 | D:6      | Reached skill level 10 in Unarmed Combat
  3599 | D:6      | Reached XP level 9. HP: 83/88 MP: 8/8
  3655 | D:6      | Noticed Maggie
  3665 | D:6      | Killed Maggie
  3773 | D:6      | Found a basalt altar of Yredelemnul.
  3773 | D:6      | Found a hazy altar of Hepliaklqana.
  3955 | D:6      | You fall into a shaft and drop 1 floor!
  3970 | D:7      | Found a stormy altar of Qazlal.
  3972 | D:7      | Noticed a cyclops
  3989 | D:7      | Killed a cyclops
  3990 | D:7      | Reached skill level 1 in Throwing
  4034 | D:7      | Found a sand-covered staircase.
  4049 | Ossuary  | Entered an ossuary
  4141 | Ossuary  | Reached ** piety under Cheibriados
  4469 | D:7      | Reached *** piety under Cheibriados
  4536 | D:7      | Noticed Joseph
  4537 | D:7      | Paralysed by Joseph for 3 turns
  4548 | D:7      | Killed Joseph
  4549 | D:7      | Reached skill level 11 in Unarmed Combat
  4645 | D:7      | Found a basalt altar of Yredelemnul.
  4650 | D:7      | Noticed a two-headed ogre
  4662 | D:7      | Killed a two-headed ogre
  4663 | D:7      | Reached skill level 1 in Shields
  4663 | D:7      | Reached XP level 10. HP: 59/100 MP: 9/9
  5130 | D:8      | Reached **** piety under Cheibriados
  5326 | D:8      | Found a glowing silver altar of Zin.
  5360 | D:8      | Found a flagged portal.
  5382 | Bailey   | Entered a bailey
  5576 | Bailey   | Noticed an orc warlord
  5579 | Bailey   | Reached ***** piety under Cheibriados
  5593 | Bailey   | Killed an orc warlord
  5594 | Bailey   | Reached skill level 5 in Throwing
  5711 | D:8      | Found a stormy altar of Qazlal.
  6190 | D:4      | Killed KittyFluff's ghost
  6365 | D:9      | Found a white marble altar of Elyvilon.
  6477 | D:9      | Reached skill level 1 in Invocations
  6517 | D:9      | Reached XP level 11. HP: 111/111 MP: 10/10
  6552 | D:9      | Reached skill level 12 in Unarmed Combat
  6604 | D:9      | Found a staircase to the Orcish Mines.
  6982 | D:10     | Entered Level 10 of the Dungeon
  6982 | D:10     | Noticed a death yak
  6982 | D:10     | Noticed a death yak
  6982 | D:10     | Found a staircase to the Lair.
  6985 | D:10     | Noticed a death yak
  7209 | D:10     | Noticed a death yak
  7226 | D:10     | Noticed a two-headed ogre
  7232 | D:10     | Killed a two-headed ogre
  7250 | D:10     | Killed a death yak
  7251 | D:10     | Reached skill level 5 in Shields
  7255 | D:10     | Noticed a death yak
  7258 | D:10     | Killed a death yak
  7266 | D:10     | Killed a death yak
  7276 | D:10     | Killed a death yak
  7278 | D:10     | Killed a death yak
  7456 | D:10     | Noticed a two-headed ogre
  7457 | D:10     | Noticed a two-headed ogre
  7462 | D:10     | Killed a two-headed ogre
  7472 | D:10     | Killed a two-headed ogre
  7528 | D:10     | Found a shimmering altar of Xom.
  7546 | D:10     | Reached ****** piety under Cheibriados
  7689 | D:10     | Found an ornate altar of the Wu Jian Council.
  7920 | D:11     | Reached XP level 12. HP: 118/122 MP: 14/14
  8075 | D:11     | Reached skill level 13 in Unarmed Combat
  8315 | D:11     | Reached skill level 5 in Invocations
  8634 | D:11     | Acquired the +0 fire dragon scales of the Beastly God
                  | {rElec rPois rF++ rC- Will+++ Stlth-}
  8646 | D:11     | Acquired a manual of Fighting
  8700 | D:12     | Noticed a boulder beetle
  8710 | D:12     | Killed a boulder beetle
  8885 | D:12     | Noticed a two-headed ogre
  8890 | D:12     | Noticed a boulder beetle
  8894 | D:12     | Killed a two-headed ogre
  8906 | D:12     | Killed a boulder beetle
  8964 | D:12     | Reached skill level 10 in Fighting
  9047 | D:12     | Identified the +3 ring mail "Coxtequg" {Regen+ Dex+3}
  9211 | D:13     | Noticed a centaur warrior
  9215 | D:13     | Killed a centaur warrior
  9246 | D:13     | Found a portal to a secret trove of treasure.
  9389 | D:13     | Found Weyn's Antique Weapon Boutique.
  9760 | D:13     | Reached XP level 13. HP: 134/135 MP: 16/16
  9903 | D:13     | Noticed Snorg
  9920 | D:13     | Killed Snorg
 10185 | Lair:1   | Entered Level 1 of the Lair of Beasts
 10551 | Lair:1   | Noticed Urug
 10560 | Lair:1   | Killed Urug
 10561 | Lair:1   | Reached skill level 14 in Unarmed Combat
 11107 | Lair:2   | Found a staircase to the Snake Pit.
 11648 | Lair:2   | Found a staircase to the Shoals.
 12018 | Lair:3   | Reached skill level 1 in Evocations
 12049 | Lair:3   | You fall into a shaft and drop 2 floors!
 12049 | Lair:5   | Entered Level 5 of the Lair of Beasts
 12159 | Lair:5   | Reached XP level 14. HP: 108/150 MP: 19/19
 12359 | Lair:4   | Reached skill level 15 in Unarmed Combat
 12421 | Lair:4   | Found a viscous altar of Jiyva.
 12421 | Lair:4   | Found a staircase to the Slime Pits.
 13370 | Lair:3   | Identified the +0 plate armour of Insatiable Hunger {Dex+3}
 13549 | Lair:5   | Reached skill level 1 in Armour
 14341 | Lair:5   | Identified the +6 trident "Quelif" {flame, Fly Str+2 Dex+2}
 14856 | D:14     | Reached XP level 15. HP: 138/162 MP: 20/20
 14963 | D:14     | Found a gate to the Vaults.
 15269 | D:14     | Reached skill level 5 in Evocations
 15579 | D:15     | Entered Level 15 of the Dungeon
 15629 | D:15     | Found a staircase to the Depths.
 15794 | D:15     | Reached skill level 16 in Unarmed Combat
 16185 | D:15     | Reached skill level 5 in Dodging
 16683 | Snake:1  | Entered Level 1 of the Snake Pit
 16737 | Snake:1  | Noticed a thorn hunter
 16744 | Snake:1  | Killed a thorn hunter
 16858 | Snake:1  | Noticed a tentacled monstrosity
 16866 | Snake:1  | Killed a tentacled monstrosity
 16867 | Snake:1  | Reached skill level 5 in Armour
 17033 | Orc:1    | Entered Level 1 of the Orcish Mines
 17047 | Orc:1    | Reached XP level 16. HP: 163/174 MP: 21/21
 17113 | Orc:2    | Entered Level 2 of the Orcish Mines
 17314 | Orc:2    | Reached skill level 10 in Shields
 17348 | Orc:2    | Noticed Josephine
 17358 | Orc:2    | Killed Josephine
 17681 | Orc:2    | Found Xuithruf's Antique Armour Emporium.
 17791 | Orc:2    | Found Mubeb's General Store.
 17803 | Orc:2    | Bought a potion of curing for 45 gold pieces
 17803 | Orc:2    | Found Eshurouv's Antique Armour Boutique.
 17805 | Orc:2    | Found Umanweb's Antique Weapon Emporium.
 17811 | Orc:2    | Bought a faintly glowing cloak for 332 gold pieces
 17811 | Orc:2    | Identified the +0 cloak of Hedge Wizardry {Int+2} (You
                  | bought it in a shop on level 2 of the Orcish Mines)
 17849 | Orc:2    | Found a staircase to the Elven Halls.
 17943 | Orc:2    | Learned a level 4 spell: Passage of Golubria
 18169 | Snake:1  | Found Plog's Distillery.
 18175 | Snake:1  | Bought a potion of curing for 57 gold pieces
 18175 | Snake:1  | Bought a potion of heal wounds for 95 gold pieces
 18175 | Snake:1  | Bought a potion of curing for 57 gold pieces
 18175 | Snake:1  | Bought a potion of curing for 57 gold pieces
 18204 | Snake:1  | Noticed a tentacled monstrosity
 18212 | Snake:1  | Killed a tentacled monstrosity
 18580 | Snake:1  | Found Bituqul's Jewellery Shoppe.
 18598 | Snake:1  | Bought a +4 ring of slaying for 936 gold pieces
 18827 | Snake:1  | Reached skill level 17 in Unarmed Combat
 18861 | Snake:1  | Identified the staff of fire "Juah" {rF+ Will+}
 19520 | Snake:2  | Noticed Vashnia
 19536 | Snake:2  | Killed Vashnia
 19807 | Snake:3  | Reached XP level 17. HP: 182/182 MP: 22/22
 20071 | Snake:3  | Identified the +0 pair of gloves of the Lair of Beasts {rF+
                  | Will- Str+3 Dex+6}
 20737 | Snake:4  | Entered Level 4 of the Snake Pit
 20906 | Snake:4  | HP: 8/182 [poisoned by a sea snake]
 20906 | Snake:4  | Slain by a mana viper

Illustrated notes

Levels and vault maps discovered:
D:1:      dpeg_arrival_pond, layout_loops_ring
D:2:      layout_loops_ring, basic_altar, uniq_robin, uniq_terence, uniq_sigmund
D:3:      layout_loops_cross
D:4:      layout_rooms, mainiacjoe_overflow_surrounded_room,
          ebering_ghost_sewer_d, uniq_eustachio
D:5:      layout_basic, minmay_temple_entry_butterflies
D:6:      layout_loops_ring, mainiacjoe_overflow_divided_tiny,
          minmay_crossroads, uniq_menkaure, uniq_maggie, uniq_duvessa
D:7:      layout_loops_ring, nicolae_ossuary_entry_monument,
          hangedman_feature_mirror, uniq_joseph
D:8:      layout_rooms, overflow_temple_1_default, mainiacjoe_overflow_catwalk,
          enter_bailey_7
D:9:      layout_cave_pools, elyvilon_altar_4, david_orc_4,
          kennysheep_generic_room_3
D:10:     layout_basic, mainiacjoe_overflow_brackets,
          mainiacjoe_overflow_concentric_impassable, dpeg_lair_monsters
D:11:     layout_basic, minivault_4, hangedman_decor_growths,
          chequers_decorated_corner, minivault_20
D:12:     layout_big_octagon
D:13:     layout_roguey, serial_shops, shop, enter_trove_1,
          minmay_misc_feat_rows, bh_walls_and_bars, uniq_snorg
D:14:     kennysheep_cluttered_fort, layout_basic, erik_vaults_2
D:15:     gammafunk_depths_entry_grave, layout_long_grid,
          chequers_serial_rivers_micro_a
Temple:   zaba_magenta_temple
Lair:1:   layout_regular_city, lemuel_fruit_fields, uniq_urug
Lair:2:   minmay_lair_oklob_chamber, layout_cave_pods, elwin_shoals_entry_rooms,
          minmay_snake_entry_six_corridors
Lair:3:   layout_misc_corridors, infiniplex_staircase_pool_2, grunt_megastairs_2
Lair:4:   layout_misc_corridors, slime_entry_1, cheibrodos_lair_caveside_slide
Lair:5:   grunt_lair_end_beastmaster, layout_small_grid, minmay_hedge_maze
Snake:1:  onia_ninara_swampy_vault, layout_misc_corridors, serial_shops,
          nicolae_shop_behind_doors, shop, serial_bayou_shore_a
Snake:2:  layout_misc_corridors, hangedman_snake_corridor_split, uniq_vashnia
Snake:3:  layout_cave_pods, grunt_ministairs_9, nicolae_snake_salamander_jacuzzi
Snake:4:  grunt_snake_rune_pools, layout_misc_corridors, minmay_shop_grove
Orc:1:    layout_diamond_mine, basic_altar, uniq_erolcha
Orc:2:    st_orc_elflike, layout_diamond_mine, uniq_josephine

Skill      XL: |  1  2  3  4  5  6  7  8  9 10 11 12 13 14 15 16 17 |
---------------+----------------------------------------------------+-----
Unarmed Combat | 1 2 5 7 8 10 11 12 13 14 15 16 17 | 17.9
Fighting       | 3 5 6 7 8 10 12 13 14 | 14.4
Throwing       | 3 5 6 7 |  7.0
Shields        | 1 4 6 7 9 10 | 10.0
Invocations    | 1 4 6 8 9 |  9.1
Evocations     | 2 4 5 |  5.1
Dodging        | 3 5 8 |  8.8
Armour         | 2 5 7 8 |  8.5
Ranged Weapons | |  2.7
Stealth        | |  0.3

Action                     |  1- 3 |  4- 6 |  7- 9 | 10-12 | 13-15 | 16-18 || total
---------------------------+-------+-------+-------+-------+-------+-------++-------
  Melee: Unarmed           |    34 |   130 |   273 |   528 |   929 |   532 ||  2426
         Punch             |       |     3 |    10 |       |       |       ||    13
   Fire: Shortbow          |    44 |    24 |     2 |       |       |       ||    70
  Throw: Dart              |       |       |     2 |    16 |     1 |       ||    19
         Boomerang         |       |       |       |    38 |       |       ||    38
         Throwing net      |       |       |       |       |     1 |       ||     1
         Large rock        |       |       |       |       |    28 |       ||    28
         Javelin           |       |       |       |       |       |    10 ||    10
 Invoke: Slouch            |       |       |       |       |       |     3 ||     3
  Evoke: Wand              |       |       |       |     4 |    11 |     3 ||    18
         Phantom mirror    |       |       |       |     1 |     2 |       ||     3
    Use: Potion            |     2 |       |     5 |       |     1 |     3 ||    11
         Scroll            |       |       |     6 |     9 |    14 |     5 ||    34
   Stab: Sleeping          |       |     3 |     2 |     1 |     7 |     1 ||    14
         Distracted        |       |     1 |       |     2 |     2 |       ||     5
         Petrified         |       |       |       |       |     5 |       ||     5
         Petrifying        |       |       |       |       |     1 |       ||     1
 Armour: Robe              |    35 |    10 |       |       |       |       ||    45
         Animal skin       |       |    38 |    29 |       |       |       ||    67
         Swamp dragon scal |       |       |    56 |   102 |       |       ||   158
         Fire dragon scale |       |       |       |    48 |    51 |       ||    99
         Troll leather arm |       |       |       |       |   205 |   100 ||   305
  Dodge: Dodged            |    55 |    84 |    97 |   111 |   230 |   196 ||   773
  Block: Kite shield       |       |       |     3 |   431 |   671 |       ||  1105
         Reflection        |       |       |       |    14 |    30 |    89 ||   133
         Tower shield      |       |       |       |       |   333 |   847 ||  1180
